 Dungeon Crawl Stone Soup version 0.31-a0-960-g0fca184906 (webtiles) character file.

Game seed: 3682710731227280320

292856 Xavori the Fencer (level 22, -2/144 HPs)
             Began as a Djinni Chaos Knight on Oct 23, 2023.
             Was a Favourite Plaything of Xom.
             Killed from afar by an ironbound thunderhulk (27 damage)
             ... with a bolt of lightning
             ... summoned by a boggart
             ... summoned by a boggart
             ... on level 3 of the Vaults.
             The game lasted 01:13:50 (32729 turns).

Xavori the Fencer (Djinni Chaos Knight)            Turns: 32729, Time: 01:13:51

Health: -2/144     AC: 19    Str:  9      XL:     22   Next: 12%
Gold:   1651       EV: 29    Int: 18      God:    Xom [*.....] SH: 12 Dex: 34 (36)

rFire   + + +        a - +8 demon blade "Leech" {evervamp, Harm Drain rN+}
rCold   . . .        Z - +3 warlock's mirror {omnireflect}
rNeg    + . .        N - +0 acid dragon scales
rPois   ∞            v - +2 hat
rElec   +            y - +2 cloak "Uthrah" {Contam rElec Will+}
rCorr   +            J - +2 pair of gloves "Asijol" {Harm rC+ Regen+ rCorr}
SInv    .            (boots unavailable)
Will    ++++.        C - amulet of Faext {rF+ Regen+ Int+4}
Stlth   ++           f - +4 ring of slaying
HPRegen 2.84/turn    s - +6 ring of dexterity
MPRegen 0.00/turn

%: harm (+45% outgoing, +30% incoming), reflection, infuse magic (-3 HP)
@: about to teleport, flying, studying Hexes
A: sickness immunity, fire resistance 2, cold vulnerability 1, float, innate
caster, HP casting, extra vitality 1, claws 1, agile 2, deterioration 1, frail
1, strong-willed 1, regeneration 1, electricity resistance
}: 1/15 runes: serpentine
a: Renounce Religion


You were on level 3 of the Vaults.
You worshipped Xom.
You were a special plaything of Xom.
You visited 6 branches of the dungeon, and saw 31 of its levels.
You also visited: Bailey, Ice Cave and Desolation.

You collected 3209 gold pieces.
You spent 1558 gold pieces at shops.

Inventory:

Hand Weapons
 a - the +8 demon blade "Leech" (weapon) {evervamp, Harm Drain rN+}
   (You found it in the Desolation of Salt)

   rN+:       It protects you from negative energy.
   Drain:     It drains your maximum health when unequipped.
   Harm:      It increases damage dealt and taken.
 R - a +5 scimitar of holy wrath
Armour
 v - a +2 hat (worn)
 y - the +2 cloak "Uthrah" (worn) {Contam rElec Will+}
   (You acquired it on level 7 of the Dungeon)

   rElec:     It insulates you from electricity.
   Will+:     It increases your willpower.
   Contam:    It causes magical contamination when unequipped.
 J - the +2 pair of gloves "Asijol" (worn) {Harm rC+ Regen+ rCorr}
   (You acquired it on level 9 of the Dungeon)

   rC+:       It protects you from cold.
   Regen+:    It increases your rate of health regeneration.
   rCorr:     It protects you from acid and corrosion.
   Harm:      It increases damage dealt and taken.
 N - +0 acid dragon scales (worn)
 T - a scarf of resistance
 V - quicksilver dragon scales
 Y - the +0 pair of gloves of Modesty {Rampage MP+9 Int+10 Stlth-}
   (You bought it in a shop on level 2 of the Orcish Mines)

   Int+10:    It affects your intelligence (+10).
   MP+9:      It affects your magic capacity (+9).
   Rampage:   It bestows one free step when moving towards enemies.
   Stlth-:    It makes you less stealthy.
 Z - the +3 warlock's mirror (worn) {omnireflect}
   (You bought it in a shop on level 2 of the Orcish Mines)

   Omnireflect: It can block and reflect piercing ranged attacks and magical
   attacks against the wielder's willpower.
Jewellery
 f - a +4 ring of slaying (left hand)
 h - a ring of protection from cold
 q - a +5 ring of evasion
 s - a +6 ring of dexterity (right hand)
 C - the amulet of Faext (around neck) {rF+ Regen+ Int+4}
   (You found it in the Desolation of Salt)

   [amulet of regeneration]

   Int+4:     It affects your intelligence (+4).
   rF+:       It protects you from fire.
   Regen+:    It increases your rate of health regeneration.
 D - the ring "Fopnaom" {rElec rF+ Str-3 SInv}
   (You took it off a ragged hierophant in the Desolation of Salt)

   [ring of see invisible]

   Str-3:     It affects your strength (-3).
   rF+:       It protects you from fire.
   rElec:     It insulates you from electricity.
   SInv:      It lets you see invisible.
 Q - the ring "Saig" {rCorr Str+3 Dex-5 Slay+2 SInv}
   (You found it in the Desolation of Salt)

   [ring of resist corrosion]

   Str+3:     It affects your strength (+3).
   Dex-5:     It affects your dexterity (-5).
   Slay+2:    It affects your accuracy & damage with ranged weapons and melee
   (+2).
   SInv:      It lets you see invisible.
   rCorr:     It protects you from acid and corrosion.
Wands
 b - a wand of mindburst (16)
 F - a wand of iceblast (8)
 L - a wand of flame (10)
 M - a wand of charming (26)
 X - a wand of quicksilver (10)
Scrolls
 c - 3 scrolls of butterflies
 d - 3 scrolls of revelation
 i - 3 scrolls of vulnerability
 j - 4 scrolls of noise
 k - 13 scrolls of teleportation
 l - 4 scrolls of identify
 r - 8 scrolls of fog
 t - 8 scrolls of immolation
 u - a scroll of silence
 x - 14 scrolls of enchant weapon
 A - a scroll of amnesia
 B - 2 scrolls of fear
 E - 9 scrolls of enchant armour
 K - a scroll of poison
 P - 5 scrolls of blinking
Potions
 e - 5 potions of cancellation
 g - 4 potions of invisibility
 m - 6 potions of enlightenment
 n - 6 potions of brilliance
 o - 3 potions of heal wounds
 p - 5 potions of curing
 w - 3 potions of haste
 z - 7 potions of might
 G - 4 potions of mutation
 H - a potion of lignification
 I - 4 potions of resistance
 W - a potion of berserk rage
Miscellaneous
 O - a box of beasts


   Skills:
 * Level 15.1 Fighting
 + Level 17.0 Long Blades
 - Level 13.8 Armour
 + Level 16.1 Dodging
 + Level 10.6 Shields
 * Level 14.4 Spellcasting
 * Level 14.4 Conjurations
 * Level 14.7 Hexes
 * Level 14.4 Summonings
 * Level 14.4 Necromancy
 * Level 14.4 Translocations
 * Level 14.4 Transmutations
 * Level 14.4 Fire Magic
 * Level 14.4 Ice Magic
 * Level 14.4 Air Magic
 * Level 14.4 Earth Magic
 * Level 14.4 Poison Magic


You knew the following spells:

 Your Spells              Type           Power      Damage    Failure   Level
a - Kiss of Death         Conj/Necr      100%       2d13      1%          1
b - Searing Ray           Conj           100%       2d8       1%          2
c - Mephitic Cloud        Conj/Pois/Air  60%        N/A       1%          3
d - Manifold Assault      Tloc           60%        N/A       1%          4
e - Freezing Cloud        Conj/Ice/Air   30%        6-21      1%          5
f - Fireball              Conj/Fire      30%        3d13      1%          5
g - Conjure Ball Lightni  Conj/Air       30%        3x3d10    3%          6
h - Enfeeble              Hex            30%        N/A       19%         7
i - Monstrous Menagerie   Summ           30%        N/A       22%         7
j - Discord               Hex            30%        N/A       83%         8
Your spell library was empty.

Dungeon Overview and Level Annotations

Branches:
Dungeon (15/15)            Temple (0/1) D:5            Lair (5/5) D:9
 Shoals (1/4) Lair:3        Snake (4/4) Lair:3        Slime (0/5) Lair:5
    Orc (2/2) D:11         Vaults (4/5)               Crypt (0/3) Vaults:2
 Depths (0/4) D:15         Bailey (visited)           IceCv (visited)
Desolation (visited)
    Elf: Orc:2

Altars:
Ashenzari
Cheibriados
Dithmenos
Elyvilon
Gozag
Nemelex Xobeh
Okawaru
Qazlal
Ru
Uskayaw
Xom
The Shining One

Shops:
D:3 (   D:7 *   Orc:1 *   Orc:2 [(=[   Snake:1 [   Snake:2 *   Snake:4 :=:
Vaults:1 (   Vaults:2 [   Vaults:3 *:

Portals:
Trove: D:10 (give 7 scrolls of fog)

Annotations:
D:7 1 transporter
Lair:1 1 runed translucent door, Rupert
Orc:1 3 runed translucent doors, exclusion: obsidian statue, Liezuv's ghost, journeyman HOFi


Innate Abilities, Weirdness & Mutations

You are immune to sickness and miasma.
You are immune to poison.
Your flesh is very heat resistant. (rF++)
You are vulnerable to cold. (rC-)
You float through the air rather than walking.
You learn spells naturally, not from books.
Your magical power is your life essence.
You have superior vitality. (+4 MHP)
You have sharp fingernails.
You are very agile. (Dex +8, Str/Int -2)
Your body sometimes deteriorates upon taking damage.
You are frail. (-10% HP)
You are strong-willed. (Will+)
Your natural rate of healing is unusually fast.
You are resistant to electric shocks. (rElec)


Message History

The vault warden hits you with a +0 great sword of draining!!
Unknown command.
You are too injured to fight recklessly!
Unknown command.
You barely miss the dire elephant.
The dire elephant is severely wounded.
The runic seals fade away.
The dire elephant tramples you!
You hold your ground!
The dire elephant misses you. The vault warden closely misses you.
You block the dire elephant's attack.
The dire elephant trunk-slaps you but does no damage.
Unknown command.
As you read the scroll of teleportation, it crumbles to dust.
You feel strangely unstable.
Strange energies crackle from the ironbound thunderhulk's apparatus.
The ironbound thunderhulk blinks!
The dire elephant tramples you!
* * * LOW HITPOINT WARNING * * *
You hold your ground!
The dire elephant misses you.
The vault warden activates a sealing rune.
The dire elephant tramples you!!
* * * LOW HITPOINT WARNING * * *
Your body deteriorates!
You feel clumsy.
You hold your ground!
You block the dire elephant's attack.
The necromancer gestures wildly while chanting.
The necromancer binds the souls of nearby monsters.
Unknown command.
Unknown command.
You feel much better.
The boggart gestures wildly while chanting.
The boggart blinks!
You block the dire elephant's attack. The dire elephant closely misses you.
The vault warden hits you with a +0 great sword of draining!!
* * * LOW HITPOINT WARNING * * *
Xom roars with laughter!
You block the dire elephant's attack.
The dire elephant completely misses you.
You feel much better.
Electricity crackles from the ironbound thunderhulk's apparatus.
The bolt of lightning hits you!! You resist.
You die...
Xom is highly amused!

,,,*,,,,,,,,#Z...#*,,,,,,,,,,,*
,,,*,,,,,,,,#..gZ#*,,,*****,,,*
,,,+,,,,,,,,+.ZOc#*,,,*,,,*,,,*
,,,+,,,,,,,,+...g#*,,,*,,,*,,,*
,..#....>...#.cpc#*,,,*,,,*,,,*
,..#........#ccZp#**+***+***+**
,..##########c{cY#*,,,*,,,*,,,*
,..+........#.oYp#*,,,+,,,*,,,*
,..#..p.....+cYY@#*,,,*,,,*,,,*
*############g####*****,,,*****
#####.........### ****++**
***** #####..<......#.##*,,,,,*
*,,,, #####.........#..###*,,**
*,,,, #####.........#..#.#+##*
***,, #####.......).#[#'....#**
*,, #####....[...['[##...##,*
**+ #################....+*,*
*,


You could see 4 dire elephants, 2 vault wardens, an ironbound thunderhulk
(summoned), a yaktaur captain (summoned), an orc knight (soul bound), 7
yaktaurs, a necromancer (summoned), 3 boggarts, a deep elf sorcerer zombie
(summoned), a deep elf high priest skeleton (summoned) and a titan skeleton
(summoned).

Vanquished Creatures
  A shard shrike (IceCv)
  A quicksilver dragon (Snake:4)
  A sphinx (Vaults:2)
  Kirke (Lair:5)
  Donald (Lair:3)
  5 nagarajas (Snake:4)
  A fire giant (D:15)
  A fenstrider witch (Shoals:1)
  An imperial myrmidon (Desolation)
  5 vault wardens
  An orc warlord (Vaults:3)
  5 ironbound preservers
  5 ironbound thunderhulks
  A very ugly thing (Vaults:2)
  A formless jellyfish (Vaults:1)
  11 dire elephants
  A white draconian (IceCv)
  2 halazid warlocks (Desolation)
  3 crystal guardians (Desolation)
  3 merfolk impalers (Shoals:1)
  6 yaktaur captains
  3 entropy weavers
  A fire dragon (D:14)
  5 servants of whispers (Desolation)
  4 salamander tyrants (Snake:4)
  7 ragged hierophants (Desolation)
  4 vault guards
  10 hydras
  5 ogre magi (D:15)
  Fannar (D:12)
  A great orb of eyes (D:15)
  2 merfolk avatars
  10 two-headed ogres
  19 centaur warriors
  19 anacondas
  5 peacekeepers (Desolation)
  6 ironbound frosthearts
  5 boulder beetles
  3 death knights
  15 naga warriors
  A tengu warrior (D:15)
  5 orc high priests (Orc:2)
  7 shock serpents
  9 naga sharpshooters
  3 skysharks (Lair:5)
  3 salamander mystics
  A flayed ghost (D:15)
  4 sea snakes
  17 deep trolls
  An orange crystal statue (IceCv)
  7 naga ritualists
  15 lindwurms
  13 orc knights
  10 ironbound convokers
  3 arcanists
  A harpy (D:15)
  A necromancer (Vaults:3)
  11 cyclopes
  6 deep elf pyromancers
  27 ugly things
  3 fauns (Shoals:1)
  13 manticores
  11 mana vipers
  19 elephants
  16 salamanders
  An elephant (shapeshifter) (D:15)
  2 ice statues (Snake:1)
  A guardian serpent (shapeshifter) (D:15)
  A molten gargoyle (Desolation)
  4 water nymphs (Shoals:1)
  A merfolk siren (Shoals:1)
  10 naga magi
  8 cane toads
  11 vault sentinels
  50 black mambas
  3 gargoyles
  6 guardian serpents
  A torpor snail (Lair:5)
  2 cane toads (shapeshifter) (D:15)
  3 unseen horrors
  18 rime drakes
  15 yaktaurs
  15 komodo dragons
  3 freezing wraiths
  An efreet (D:15)
  4 tengu conjurers
  A yaktaur skeleton (Vaults:3)
  A guardian mummy (D:10)
  5 hornets
  2 merfolk (Shoals:1)
  5 trolls
  3 wind drakes
  A polar bear (shapeshifter) (D:15)
  16 polar bears
  A meliai (shapeshifter) (Lair:3)
  A meliai (D:15)
  2 snapping turtles (Lair:5)
  A blink frog (shapeshifter) (Lair:5)
  A wind drake (shapeshifter) (D:14)
  A raiju (shapeshifter) (D:15)
  8 dream sheep
  39 saltlings (Desolation)
  29 blink frogs
  A vampire (D:11)
  A centaur simulacrum (D:15)
  12 slime creatures
  A shadow (D:11)
  7 wyverns
  2 wraiths
  A water elemental (Lair:3)
  5 hogs (Lair:5)
  25 yaks
  A golden eye (D:8)
  8 basilisks
  A human (Lair:1)
  8 vampire mosquitoes
  A hog (shapeshifter) (D:14)
  5 wargs
  A steam dragon (D:7)
  A human simulacrum (Vaults:3)
  An ogre zombie (Vaults:3)
  35 nagas
  3 acid dragons
  16 water moccasins
  4 sky beasts
  A glowing shapeshifter skeleton (Vaults:3)
  3 black bears (Lair:2)
  An ice beast (D:6)
  46 orc warriors
  12 centaurs
  8 ogres
  17 wolves
  9 boggarts
  A lemure (D:8)
  18 bullfrogs
  A kobold brigand (D:9)
  4 scorpions
  A glowing shapeshifter simulacrum (Vaults:3)
  9 wights
  A hornet simulacrum (D:10)
  14 killer bees
  3 electric eels
  5 howler monkeys
  25 orc priests
  A sleepcap (D:7)
  Jessica (D:2)
  9 orc wizards
  3 iguanas
  A boggart simulacrum (D:14)
  7 adders
  11 gnolls
  A shadow imp (D:7)
  5 white imps
  2 ufetubi (D:5)
  2 worms
  2 dart slugs
  88 orcs
  5 ball pythons
  A bat (D:1)
  6 endoplasms
  3 giant cockroaches
  10 goblins
  12 hobgoblins
  11 jackals
  7 kobolds
  A quokka (D:2)
  2 frilled lizards
  5 rats
1181 creatures vanquished.

Vanquished Creatures (collateral kills)
  A tengu warrior (D:15)
  A deep troll (D:14)
  2 naga ritualists (Snake:3)
  A mana viper (Snake:3)
  A faun (Shoals:1)
  3 black mambas (Snake:3)
  2 elephants (Lair:4)
  Jeremiah (D:8)
  6 yaks
  A wyvern (Lair:3)
  A naga (Snake:3)
  4 orc warriors
  A wolf (D:8)
  A bullfrog (Lair:4)
  A wight (D:9)
  An orc (D:8)
  A quokka (D:1)
29 creatures vanquished.

Vanquished Creatures (others)
  A dancing weapon (Snake:3)
  A shadow wraith (D:14)
  A flayed ghost (D:15)
  A freezing wraith (D:15)
  A polar bear (Lair:3)
  A blink frog (Lair:5)
  A yak (Lair:5)
  A human (Lair:5)
  A boggart (Vaults:3)
  A scorpion (D:5)
  2 killer bees (D:7)
  2 orcs (D:7)
  A kobold (D:2)
15 creatures vanquished.

Grand Total: 1225 creatures vanquished

Notes
Turn   | Place    | Note
-------+----------+-------------------------------------------
     0 | D:1      | Xavori the Djinni Chaos Knight began the quest for the Orb.
     0 | D:1      | Reached XP level 1. HP: 20/20 MP: 0/0
   164 | D:1      | XOM: silly message
   279 | D:1      | XOM: silly message
   289 | D:1      | XOM: confuse monster(s)
   294 | D:1      | Reached XP level 2. HP: 25/25 MP: 0/0
   492 | D:1      | Reached XP level 3. HP: 30/30 MP: 0/0
   492 | D:1      | Learned a level 1 spell: Kiss of Death
  1744 | D:1      | XOM: stat loss: -1 Int (12/13)
  2398 | D:1      | XOM: give mutations
  2398 | D:1      | Gained mutation: You have hidden genetic potential. [Xom's
                  | mischief]
  2398 | D:1      | Gained mutation: Your mind is acute. (Int +4, Str/Dex -1)
                  | [Xom's mischief]
  2398 | D:1      | Gained mutation: Your body sometimes deteriorates upon
                  | taking damage. [Xom's mischief]
  2398 | D:1      | Lost mutation: You have hidden genetic potential. [Xom's
                  | mischief]
  2713 | D:1      | XOM: summons 1 hostile demon
  2727 | D:2      | XOM: stat loss: -1 Int (15/17)
  2730 | D:2      | Reached skill level 3 in Long Blades
  2730 | D:2      | Reached skill level 1 in Spellcasting
  2730 | D:2      | Reached skill level 1 in Conjurations
  2730 | D:2      | Reached skill level 1 in Hexes
  2730 | D:2      | Reached skill level 1 in Summonings
  2730 | D:2      | Reached skill level 1 in Necromancy
  2730 | D:2      | Reached skill level 1 in Translocations
  2730 | D:2      | Reached skill level 1 in Transmutations
  2730 | D:2      | Reached skill level 1 in Fire Magic
  2730 | D:2      | Reached skill level 1 in Ice Magic
  2730 | D:2      | Reached skill level 1 in Air Magic
  2730 | D:2      | Reached skill level 1 in Earth Magic
  2730 | D:2      | Reached skill level 1 in Poison Magic
  2738 | D:2      | Reached XP level 4. HP: 32/35 MP: 0/0
  2742 | D:2      | XOM: silly message
  2788 | D:2      | Noticed Jessica
  2795 | D:2      | Killed Jessica
  2796 | D:2      | Reached XP level 5. HP: 34/40 MP: 0/0
  2796 | D:2      | Learned a level 2 spell: Searing Ray
  2908 | D:2      | XOM: 2-stop teleportation journey
  2952 | D:2      | Found a faded altar of an unknown god.
  3037 | D:2      | Identified the +0 leather armour "Inwivafi" {Dex+2}
  3285 | D:2      | Found a snail-covered altar of Cheibriados.
  3440 | D:2      | XOM: summons 3 hostile shadow creatures
  3756 | D:3      | Found a stormy altar of Qazlal.
  4160 | D:3      | Reached XP level 6. HP: 45/46 MP: 0/0
  4315 | D:3      | Found Asuer's Antique Weapon Boutique.
  4550 | D:3      | XOM is BORED!
  4550 | D:3      | XOM: give mutations
  4550 | D:3      | Gained mutation: You possess an exceptional clarity of
                  | mind. [Xom's mischief]
  4569 | D:3      | XOM: draining
  4660 | D:3      | XOM: give mutations
  4660 | D:3      | Gained mutation: Your natural rate of healing is unusually
                  | fast. [Xom's mischief]
  4660 | D:3      | Gained mutation: You are weak. (Str -2) [Xom's mischief]
  4660 | D:3      | Gained mutation: You are resistant to electric shocks.
                  | (rElec) [Xom's mischief]
  4800 | D:4      | XOM: chaos upgrade
  4817 | D:4      | Paralysed by something for 4 turns
  4823 | D:4      | Reached skill level 4 in Long Blades
  4918 | D:4      | Reached XP level 7. HP: 45/52 MP: 0/0
  4918 | D:4      | Learned a level 3 spell: Mephitic Cloud
  5052 | D:4      | XOM: summons 3 hostile shadow creatures
  5154 | D:4      | XOM: give mutation
  5154 | D:4      | Lost mutation: You are weak. (Str -2) [Xom's mischief]
  5163 | D:4      | XOM: give mutations
  5163 | D:4      | Gained mutation: You are agile. (Dex +4, Str/Int -1) [Xom's
                  | mischief]
  5163 | D:4      | Gained mutation: Your body often deteriorates upon taking
                  | damage. [Xom's mischief]
  5401 | D:5      | Entered Level 5 of the Dungeon
  5504 | D:5      | Found a staircase to the Ecumenical Temple.
  5705 | D:5      | XOM: divine lightning
  5708 | D:5      | XOM: fog
  5719 | D:5      | Reached XP level 8. HP: 23/58 MP: 0/0
  6106 | D:5      | Found a broken altar of Ashenzari.
  6142 | D:5      | Reached skill level 5 in Long Blades
  6362 | D:6      | XOM: cast spell 'Summon Ice Beast'
  6393 | D:6      | XOM: cleaving
  6395 | D:6      | XOM: chaos cloud
  6461 | D:6      | XOM: stat loss: -1 Int (16/17)
  6878 | D:6      | Found a shadowy altar of Dithmenos.
  7224 | D:7      | Found Ea-nāṣir's Fine Metal Goods.
  7237 | D:7      | XOM: torment (30/58 hp)
  7318 | D:7      | XOM: noise
  7333 | D:7      | Found a flagged portal.
  7350 | Bailey   | Entered a bailey
  7393 | Bailey   | XOM: divination: magic mapping
  7404 | Bailey   | XOM: divination: detect items
  7404 | Bailey   | XOM: butterfly on damage
  7405 | Bailey   | Reached skill level 5 in Fighting
  7405 | Bailey   | Reached XP level 9. HP: 49/65 MP: 0/0
  7405 | Bailey   | Learned a level 4 spell: Manifold Assault
  7415 | Bailey   | Reached skill level 5 in Dodging
  7425 | Bailey   | Reached skill level 6 in Long Blades
  7484 | Bailey   | Noticed an orc knight
  7490 | Bailey   | XOM: noise
  7506 | Bailey   | Killed an orc knight
  7507 | Bailey   | Noticed an orc knight
  7509 | Bailey   | XOM: potion effect (invisibility)
  7512 | Bailey   | XOM: smoke on damage
  7517 | Bailey   | XOM: summons friendly white imp
  7518 | Bailey   | XOM: swap monsters
  7521 | Bailey   | XOM: cleaving
  7524 | Bailey   | XOM: scenery: 5 doors close
  7531 | Bailey   | XOM: cast spell 'Death Channel'
  7543 | Bailey   | XOM: butterfly on damage
  7583 | Bailey   | Killed an orc knight
  7584 | Bailey   | Reached skill level 7 in Long Blades
  7584 | Bailey   | Reached skill level 5 in Armour
  7584 | Bailey   | Reached XP level 10. HP: 47/72 MP: 0/0
  7784 | D:7      | XOM: 5-stop teleportation journey
  7785 | D:7      | Identified a scroll of acquirement
  7786 | D:7      | Acquired the +2 cloak "Uthrah" {Contam rElec Will+}
  8010 | D:7      | Found a sparkling altar of Nemelex Xobeh.
  8010 | D:7      | Found a transporter.
  8010 | D:7      | Noticed a centaur warrior
  8011 | D:7      | Noticed a manticore
  8088 | D:7      | Reached skill level 5 in Spellcasting
  8088 | D:7      | Reached skill level 5 in Conjurations
  8088 | D:7      | Reached skill level 5 in Hexes
  8088 | D:7      | Reached skill level 5 in Summonings
  8088 | D:7      | Reached skill level 5 in Necromancy
  8088 | D:7      | Reached skill level 5 in Translocations
  8088 | D:7      | Reached skill level 5 in Transmutations
  8088 | D:7      | Reached skill level 5 in Fire Magic
  8088 | D:7      | Reached skill level 5 in Ice Magic
  8088 | D:7      | Reached skill level 5 in Air Magic
  8088 | D:7      | Reached skill level 5 in Earth Magic
  8088 | D:7      | Reached skill level 5 in Poison Magic
  8242 | D:7      | XOM: destruction
  8253 | D:7      | XOM: scenery: create altars
  8589 | D:8      | XOM: enchant monster (bad)
  8602 | D:8      | Noticed a two-headed ogre
  8609 | D:8      | XOM: summons friendly white imp
  8614 | D:8      | Killed a two-headed ogre
  8825 | D:8      | Noticed Pikel
  8828 | D:8      | XOM: cast spell 'Metabolic Englaciation'
  8835 | D:8      | XOM: scenery: create altars
  8836 | D:8      | Pikel changed into Pikel the hornet
  8836 | D:8      | Noticed Pikel
  8836 | D:8      | XOM: polymorph Pikel -> Pikel the hornet
  8844 | D:8      | XOM: cleaving
  8853 | D:8      | Killed Pikel the hornet
  8854 | D:8      | Reached skill level 8 in Long Blades
  8912 | D:8      | Found a hide-covered altar of Uskayaw.
  9055 | D:8      | Noticed Jeremiah
  9092 | D:8      | XOM: cleaving
  9096 | D:8      | Killed Jeremiah
  9192 | D:8      | Reached XP level 11. HP: 74/78 MP: 0/0
  9192 | D:8      | Learned a level 5 spell: Freezing Cloud
  9409 | D:8      | XOM: blink monster(s)
  9440 | D:8      | XOM: fog
  9594 | D:8      | Found a sacrificial altar of Ru.
  9744 | D:8      | XOM: noise
  9748 | D:8      | XOM: swap monsters
  9762 | D:8      | XOM: polymorph ice beast -> golden eye
  9970 | D:8      | XOM: give mutations
  9970 | D:8      | Gained mutation: You have hidden genetic defects. [Xom's
                  | mischief]
  9970 | D:8      | Gained mutation: You passively map a small area around you.
                  | [Xom's mischief]
  9970 | D:8      | Gained mutation: You passively dampen the noise of your
                  | surroundings. [Xom's mischief]
 10022 | D:8      | XOM: give mutations
 10022 | D:8      | Gained mutation: Your muscles are strong. (Str +4, Int/Dex
                  | -1) [Xom's mischief]
 10022 | D:8      | Lost mutation: You are resistant to electric shocks.
                  | (rElec) [Xom's mischief]
 10022 | D:8      | Lost mutation: You are agile. (Dex +4, Str/Int -1) [Xom's
                  | mischief]
 10022 | D:8      | Lost mutation: You passively dampen the noise of your
                  | surroundings. [Xom's mischief]
 10203 | D:9      | Found a staircase to the Lair.
 10232 | D:9      | Found an iron altar of Okawaru.
 10242 | D:9      | Found a glowing golden altar of the Shining One.
 10280 | D:9      | XOM: give mutations
 10280 | D:9      | Gained mutation: You are partially covered in iridescent
                  | scales. (AC +2) [Xom's grace]
 10280 | D:9      | Lost mutation: You have hidden genetic defects. [Xom's
                  | grace]
 10286 | D:9      | XOM: cast spell 'Leda's Liquefaction'
 10287 | D:9      | XOM: divination: detect creatures
 10290 | D:9      | XOM: enchant monster (good)
 10291 | D:9      | XOM: enchant monster (good)
 10295 | D:9      | XOM: cleaving
 10296 | D:9      | XOM: polymorph centaur -> bullfrog
 10310 | D:9      | XOM: summons friendly ufetubus
 10319 | D:9      | Noticed a two-headed ogre
 10335 | D:9      | Killed a two-headed ogre
 10336 | D:9      | Reached skill level 9 in Long Blades
 10341 | D:9      | XOM: chaos upgrade
 10388 | D:9      | Acquired the +2 pair of gloves "Asijol" {Harm rC+ Regen+
                  | rCorr}
 10429 | D:9      | Found a white marble altar of Elyvilon.
 10495 | D:9      | XOM: silly message
 10537 | D:9      | XOM: cleaving
 10640 | D:9      | XOM: enchant monster (good)
 10818 | D:9      | XOM: give mutations
 10818 | D:9      | Gained mutation: You are mostly covered in iridescent
                  | scales. (AC +4) [Xom's grace]
 10818 | D:9      | Gained mutation: Your mind is very acute. (Int +8, Str/Dex
                  | -2) [Xom's grace]
 10818 | D:9      | Gained mutation: You have a pair of small horns on your
                  | head. [Xom's grace]
 10840 | D:9      | XOM: torment (34/79 hp)
 10889 | D:10     | Entered Level 10 of the Dungeon
 11071 | D:10     | Found a portal to a secret trove of treasure.
 11080 | D:10     | XOM: potion effect (might)
 11390 | D:10     | Noticed a two-headed ogre
 11400 | D:10     | Killed a two-headed ogre
 11555 | D:10     | Reached XP level 12. HP: 86/86 MP: 0/0
 11912 | D:11     | XOM: confuse monster(s)
 12005 | D:11     | Noticed a two-headed ogre
 12022 | D:11     | Killed a two-headed ogre
 12029 | D:11     | Found a staircase to the Orcish Mines.
 12056 | D:11     | Reached skill level 10 in Long Blades
 12285 | D:15     | Identified the of Nuecwyr
 12285 | Orc:1    | Entered Level 1 of the Orcish Mines
 12321 | Orc:1    | XOM: polymorph orc knight -> guardian serpent
 12351 | Orc:1    | XOM: god gift: 16 gold pieces
 12445 | Orc:1    | Found a runed translucent gate.
 12474 | Orc:1    | Found a runed translucent gate.
 12474 | Orc:1    | Found a runed translucent gate.
 12475 | Orc:1    | Noticed Liezuv's ghost (journeyman HOFi)
 12475 | Orc:1    | XOM: smoke on damage
 12559 | Orc:1    | XOM: scenery: summon butterflies
 12600 | Orc:1    | Found an opulent altar of Gozag.
 12602 | Orc:1    | Found Yxzog's Assorted Antiques.
 12668 | Orc:1    | XOM: god gift: staff of poison
 12713 | Orc:1    | XOM: stat loss: -1 Str (9/13)
 12847 | Lair:1   | Entered Level 1 of the Lair of Beasts
 13067 | Lair:1   | XOM: silly message
 13139 | Lair:1   | Upgraded the game from 0.31-a0-949-g57150269e1 to
                  | 0.31-a0-960-g0fca184906
 13261 | Lair:1   | XOM: god gift: 6 stones
 13460 | Lair:1   | XOM: silly message
 13502 | Lair:1   | Found a runed translucent door.
 13504 | Lair:1   | Noticed Rupert
 13535 | Lair:1   | Identified the +1 helmet of the Snake Pit {rN+ Dex-4
                  | Stlth+}
 13571 | Lair:1   | XOM: god gift: 42 gold pieces
 13973 | Lair:2   | Reached XP level 13. HP: 87/93 MP: 0/0
 13973 | Lair:2   | Learned a level 5 spell: Fireball
 13984 | Lair:2   | XOM: enchant monster (good)
 13989 | Lair:2   | XOM: god gift: scroll of teleportation
 14120 | Lair:2   | XOM: summons friendly crimson imp
 14134 | Lair:2   | XOM: scenery: summon butterflies
 14139 | Lair:2   | Reached skill level 11 in Long Blades
 14139 | Lair:2   | XOM: potion effect (haste)
 14487 | Lair:2   | XOM: summons friendly iron imp
 14662 | Lair:2   | XOM: summons 7 hostile demons
 15060 | Lair:3   | XOM: silly message
 15065 | Lair:3   | XOM: polymorph black mamba -> shapeshifter
 15068 | Lair:3   | XOM: scenery: summon butterflies
 15115 | Lair:3   | Found a staircase to the Snake Pit.
 15140 | Lair:3   | XOM: scenery: summon butterflies
 15152 | Lair:3   | XOM: polymorph butterfly -> hobgoblin
 15160 | Lair:3   | Reached skill level 10 in Dodging
 15241 | Lair:3   | Found a staircase to the Shoals.
 15287 | Lair:3   | XOM: give mutations
 15287 | Lair:3   | Gained mutation: Your spells are a little harder to cast,
                  | but a little more powerful. [Xom's grace]
 15287 | Lair:3   | Gained mutation: You have a somewhat thin skeletal
                  | structure. (Dex +2, Stealth+) [Xom's grace]
 15287 | Lair:3   | Gained mutation: You have a moderately thin skeletal
                  | structure. (Dex +4, Stealth++) [Xom's grace]
 15319 | Lair:3   | XOM: divine lightning
 15351 | Lair:3   | XOM: summons 6 friendly demons
 15864 | Lair:4   | XOM: divination: detect creatures
 15869 | Lair:4   | XOM: enchant monster (good)
 15884 | Lair:4   | XOM: cloud trail
 15892 | Lair:4   | Reached XP level 14. HP: 101/101 MP: 0/0
 15925 | Lair:4   | XOM: 1-stop teleportation journey
 16009 | Lair:4   | XOM: chaos cloud
 16011 | Lair:4   | Reached skill level 12 in Long Blades
 16027 | Lair:4   | XOM: summons 2 hostile demons
 16031 | Lair:4   | XOM: stat loss: -1 Dex (18/19)
 16037 | Lair:4   | XOM: summons 9 friendly demons
 16168 | Lair:4   | XOM: summons 13 friendly demons
 16172 | Lair:4   | XOM: scenery: create altars
 16196 | Lair:4   | Identified the +0 longbow of Dithmenos's Favour {elec,
                  | rF+++ rCorr Int-5 SInv}
 16196 | Lair:4   | XOM: give mutations
 16196 | Lair:4   | Gained mutation: You heal very quickly. [Xom's grace]
 16196 | Lair:4   | Gained mutation: Your flesh is almost immune to the effects
                  | of heat. (rF+++) [Xom's grace]
 16217 | Lair:4   | Identified the +0 demon blade "Oluin" {venom, rF+ rCorr}
                  | (Xom gifted it to you on level 4 of the Lair of Beasts)
 16217 | Lair:4   | XOM: god gift: +0 demon blade "Oluin" {chaos, rF+ rCorr}
 16490 | Lair:4   | XOM: scenery: 1 doors close
 16579 | Lair:5   | Entered Level 5 of the Lair of Beasts
 16583 | Lair:5   | XOM: enchant monster (good)
 16633 | Lair:5   | XOM: scenery: create altars
 16634 | Lair:5   | XOM: summons friendly crimson imp
 16637 | Lair:5   | Reached skill level 10 in Fighting
 16646 | Lair:5   | XOM: cleaving
 16648 | Lair:5   | XOM: destruction
 16650 | Lair:5   | XOM: polymorph steam dragon -> shapeshifter
 16682 | Lair:5   | XOM: cast spell 'Monstrous Menagerie'
 16731 | Lair:5   | XOM: scenery: 2 doors open
 16756 | Lair:5   | Noticed Kirke
 16765 | Lair:5   | XOM: scenery: 2 doors close
 16945 | Lair:5   | Killed Kirke
 16989 | Lair:5   | XOM: fog
 17024 | Lair:5   | XOM: 3-stop teleportation journey
 17129 | Lair:5   | XOM: butterfly on damage
 17134 | Lair:5   | XOM: summons 2 friendly demons
 17136 | Lair:5   | HP: 2/103 [blink frog (15)]
 17182 | Lair:5   | Found a staircase to the Slime Pits.
 17182 | Lair:5   | XOM: 10-stop teleportation journey
 17183 | Lair:5   | XOM: confuse monster(s)
 17184 | Lair:5   | XOM: confuse monster(s)
 17185 | Lair:5   | XOM: divine lightning
 17186 | Lair:5   | XOM: cleaving
 17188 | Lair:5   | XOM: summons 4 hostile demons
 17195 | Lair:5   | XOM: give mutations
 17195 | Lair:5   | Lost mutation: Your spells are a little harder to cast, but
                  | a little more powerful. [Xom's mischief]
 17195 | Lair:5   | Lost mutation: You have a pair of small horns on your head.
                  | [Xom's mischief]
 17195 | Lair:5   | Lost mutation: You are mostly covered in iridescent scales.
                  | (AC +4) [Xom's mischief]
 17195 | Lair:5   | Lost mutation: Your muscles are strong. (Str +4, Int/Dex
                  | -1) [Xom's mischief]
 17269 | Lair:5   | Reached skill level 13 in Long Blades
 17269 | Lair:5   | Reached skill level 10 in Armour
 17271 | Lair:5   | Reached XP level 15. HP: 86/109 MP: 0/0
 17271 | Lair:5   | Learned a level 6 spell: Conjure Ball Lightning
 17665 | Lair:5   | XOM: give mutations
 17665 | Lair:5   | Lost mutation: Your flesh is almost immune to the effects
                  | of heat. (rF+++) [Xom's mischief]
 17665 | Lair:5   | Gained mutation: You are frail. (-10% HP) [Xom's mischief]
 17838 | Orc:2    | Entered Level 2 of the Orcish Mines
 18175 | Orc:2    | XOM: noise
 18203 | Orc:2    | XOM: stat loss: -1 Dex (21/22)
 18226 | Orc:2    | XOM: confuse monster(s)
 18231 | Orc:2    | XOM: enchant monster (bad)
 18236 | Orc:2    | XOM: cast spell 'Metabolic Englaciation'
 18239 | Orc:2    | Reached skill level 10 in Spellcasting
 18239 | Orc:2    | Reached skill level 10 in Conjurations
 18239 | Orc:2    | Reached skill level 10 in Hexes
 18239 | Orc:2    | Reached skill level 10 in Summonings
 18239 | Orc:2    | Reached skill level 10 in Necromancy
 18239 | Orc:2    | Reached skill level 10 in Translocations
 18239 | Orc:2    | Reached skill level 10 in Transmutations
 18239 | Orc:2    | Reached skill level 10 in Fire Magic
 18239 | Orc:2    | Reached skill level 10 in Ice Magic
 18239 | Orc:2    | Reached skill level 10 in Air Magic
 18239 | Orc:2    | Reached skill level 10 in Earth Magic
 18239 | Orc:2    | Reached skill level 10 in Poison Magic
 18262 | Orc:2    | XOM: confuse monster(s)
 18308 | Orc:2    | XOM: confuse monster(s)
 18312 | Orc:2    | XOM: silly message
 18313 | Orc:2    | XOM: noise
 18337 | Orc:2    | XOM: potion effect (heal wounds)
 18428 | Orc:2    | XOM: cast spell 'Dispersal'
 18572 | Orc:2    | Found Xunyk's Antique Armour Emporium.
 18573 | Orc:2    | Found Afecw's Jewellery Emporium.
 18573 | Orc:2    | Found Qogy's Weapon Shoppe.
 18574 | Orc:2    | Found Kaoj's Armour Emporium.
 18584 | Orc:2    | Bought a pair of ancient gloves for 294 gold pieces
 18584 | Orc:2    | Identified the +0 pair of gloves of Modesty {Rampage MP+9
                  | Int+10 Stlth-} (You bought it in a shop on level 2 of the
                  | Orcish Mines)
 18584 | Orc:2    | Bought the +3 warlock's mirror {omnireflect} for 1240 gold
                  | pieces
 18584 | Orc:2    | Found the +3 warlock's mirror {omnireflect}
 18815 | D:12     | XOM: noise
 18912 | D:12     | Found a broken altar of Ashenzari.
 19326 | D:12     | Noticed Fannar
 19343 | D:12     | XOM: enchant monster (bad)
 19353 | D:12     | XOM: noise
 19366 | D:12     | Killed Fannar
 19586 | D:13     | XOM: silly message
 19724 | D:13     | XOM: summons 3 hostile shadow creatures
 19864 | D:13     | Found a sparkling altar of Nemelex Xobeh.
 20235 | D:14     | XOM: summons 1 hostile demon
 20245 | D:14     | XOM: summons friendly white imp
 20267 | D:14     | Found a gate to the Vaults.
 20327 | D:14     | Reached skill level 14 in Long Blades
 20328 | D:14     | Reached skill level 1 in Shields
 20331 | D:14     | Reached XP level 16. HP: 104/104 MP: 0/0
 20486 | D:14     | XOM: 6-stop teleportation journey
 20564 | D:14     | XOM: 7-stop teleportation journey
 20595 | D:14     | XOM: 1-stop teleportation journey
 20632 | D:14     | XOM: stat loss: -1 Dex (23/29)
 20780 | D:14     | XOM: scenery: 1 doors close
 20783 | D:14     | XOM: enchant monster (bad)
 21029 | D:15     | Entered Level 15 of the Dungeon
 21182 | D:15     | XOM: confuse monster(s)
 21204 | D:15     | Found an opulent altar of Gozag.
 21205 | D:15     | Found a stormy altar of Qazlal.
 21225 | D:15     | XOM: divination: magic mapping
 21360 | D:15     | Found a staircase to the Depths.
 21375 | D:15     | XOM: scenery: summon butterflies
 21384 | D:15     | XOM: polymorph butterfly -> river rat
 21472 | D:15     | XOM: scenery: 3 doors close
 21486 | D:15     | XOM: fog
 21487 | D:15     | XOM: scenery: 1 doors close
 21504 | D:15     | XOM: cleaving
 21534 | D:15     | XOM: enchant monster (good)
 21544 | D:15     | Noticed a tengu reaver
 21547 | D:15     | XOM: 3-stop teleportation journey
 21552 | D:15     | XOM: 4-stop teleportation journey
 21571 | D:15     | Noticed a tengu reaver
 21586 | D:15     | XOM: swap monsters
 21800 | D:15     | XOM: god gift: battleaxe {god gift}
 21834 | D:15     | Noticed a fire giant
 21845 | D:15     | XOM: scenery: 1 doors open, 1 doors close
 21847 | D:15     | XOM: summons friendly hellwing
 21872 | D:15     | Killed a fire giant
 21910 | D:15     | XOM: confuse monster(s)
 21934 | D:15     | XOM: fake destruction
 21936 | D:15     | XOM: confuse monster(s)
 21947 | D:15     | XOM: cast spell 'Summon Ice Beast'
 21952 | D:15     | Reached XP level 17. HP: 99/110 MP: 0/0
 21952 | D:15     | Learned a level 7 spell: Enfeeble
 21999 | D:15     | XOM: give mutations
 21999 | D:15     | Gained mutation: Your spells are a little harder to cast,
                  | but a little more powerful. [Xom's grace]
 21999 | D:15     | Gained mutation: You have hidden genetic potential. [Xom's
                  | grace]
 21999 | D:15     | Gained mutation: You are strong-willed. (Will+) [Xom's
                  | grace]
 22032 | D:15     | XOM: give mutations
 22032 | D:15     | Lost mutation: Your body often deteriorates upon taking
                  | damage. [Xom's mischief]
 22032 | D:15     | Lost mutation: You passively map a small area around you.
                  | [Xom's mischief]
 22304 | D:10     | XOM: give mutations
 22304 | D:10     | Lost mutation: You have a moderately thin skeletal
                  | structure. (Dex +4, Stealth++) [Xom's mischief]
 22304 | D:10     | Lost mutation: You are frail. (-10% HP) [Xom's mischief]
 22304 | D:10     | Lost mutation: You have a somewhat thin skeletal structure.
                  | (Dex +2, Stealth+) [Xom's mischief]
 22392 | Snake:1  | Entered Level 1 of the Snake Pit
 22486 | Snake:1  | XOM: noise
 22508 | Snake:1  | XOM: chaos cloud
 22554 | Snake:1  | Found Xacve's Armour Shop.
 22682 | Snake:1  | Found a frozen archway.
 22704 | IceCv    | Entered an ice cave
 22732 | IceCv    | XOM: polymorph rime drake -> sky beast
 22768 | IceCv    | XOM: summons 3 friendly demons
 22774 | IceCv    | Reached skill level 15 in Long Blades
 22810 | IceCv    | XOM: silly message
 22859 | IceCv    | Reached skill level 5 in Shields
 22938 | IceCv    | XOM: 1-stop teleportation journey
 23058 | IceCv    | XOM: noise
 23063 | IceCv    | XOM: noise
 23078 | IceCv    | XOM: enchant monster (good)
 23141 | IceCv    | XOM: enchant monster (bad)
 23207 | IceCv    | XOM: cast spell 'Olgreb's Toxic Radiance'
 23304 | IceCv    | XOM: potion effect (brilliance)
 23321 | IceCv    | XOM: confuse monster(s)
 23332 | IceCv    | XOM: cast spell 'Summon Cactus Giant'
 23376 | IceCv    | XOM: potion effect (heal wounds)
 23378 | IceCv    | XOM: blink monster(s)
 23404 | IceCv    | XOM: smoke on damage
 23416 | IceCv    | XOM: polymorph brown ugly thing -> cyan ugly thing
 23427 | IceCv    | XOM: fog
 23431 | IceCv    | Noticed a shard shrike
 23449 | IceCv    | Killed a shard shrike
 23495 | IceCv    | Identified the +0 pair of gloves "Cics" {rElec}
 23664 | IceCv    | XOM: give mutations
 23664 | IceCv    | Gained mutation: You are mostly covered in iridescent
                  | scales. (AC +4) [Xom's grace]
 23664 | IceCv    | Gained mutation: You are agile. (Dex +4, Str/Int -1) [Xom's
                  | grace]
 23664 | IceCv    | Gained mutation: You have sharp fingernails. [Xom's grace]
 23777 | Snake:1  | XOM: enchant monster (good)
 23786 | Snake:1  | XOM: polymorph guardian serpent -> entropy weaver
 23823 | Snake:1  | XOM: fog
 24124 | Snake:1  | XOM: snakes to sticks
 24184 | Snake:1  | Reached XP level 18. HP: 130/130 MP: 0/0
 24372 | Snake:1  | Reached XP level 19. HP: 137/137 MP: 0/0
 24372 | Snake:1  | Learned a level 7 spell: Monstrous Menagerie
 24446 | Snake:2  | Found a broken altar of Ashenzari.
 24446 | Snake:2  | Gained mutation: You are resistant to electric shocks.
                  | (rElec) [hidden potential]
 24553 | Snake:2  | XOM: smoke on damage
 24566 | Snake:2  | XOM: summons friendly white imp
 24723 | Snake:2  | Found Lowomost's General Store.
 24741 | Snake:2  | XOM: summons friendly ufetubus
 24766 | Snake:2  | Bought a scroll of identify for 24 gold pieces
 24888 | Snake:2  | XOM: god gift: book of Vapours
 24936 | Snake:2  | XOM: scenery: summon butterflies
 25043 | Snake:3  | XOM: scenery: summon butterflies
 25098 | Snake:3  | XOM: silly message
 25276 | Snake:3  | XOM: confuse monster(s)
 25465 | Snake:3  | XOM: silly message
 25513 | Snake:3  | XOM: give mutation
 25513 | Snake:3  | Lost mutation: Your spells are a little harder to cast, but
                  | a little more powerful. [Xom's mischief]
 25704 | Snake:3  | XOM: stat loss: -1 Dex (27/29)
 25857 | Snake:4  | Entered Level 4 of the Snake Pit
 25880 | Snake:4  | XOM: chaos upgrade
 25885 | Snake:4  | XOM: chaos upgrade
 25896 | Snake:4  | XOM: confuse monster(s)
 26031 | Snake:4  | XOM: divination: detect creatures
 26114 | Snake:4  | XOM: enchant monster (good)
 26187 | Snake:4  | Found Tefamur's Book Emporium.
 26187 | Snake:4  | Found Imuabul's Jewellery Shop.
 26188 | Snake:4  | Found Tuaczow's Book Emporium.
 26242 | Snake:4  | XOM: confuse monster(s)
 26376 | Snake:4  | Reached XP level 20. HP: 145/145 MP: 0/0
 26465 | Snake:4  | XOM: divination: detect creatures
 26593 | Snake:4  | Gained mutation: You are very agile. (Dex +8, Str/Int -2)
                  | [hidden potential]
 26593 | Snake:4  | Lost mutation: You have hidden genetic potential. [hidden
                  | potential expressed]
 26667 | Snake:4  | XOM: summons 4 friendly demons
 26745 | Snake:4  | XOM: noise
 26813 | Snake:4  | Got a serpentine rune of Zot
 26904 | Snake:4  | XOM: give mutations
 26904 | Snake:4  | Lost mutation: You possess an exceptional clarity of mind.
                  | [Xom's mischief]
 26904 | Snake:4  | Lost mutation: You are mostly covered in iridescent scales.
                  | (AC +4) [Xom's mischief]
 26904 | Snake:4  | Lost mutation: Your mind is very acute. (Int +8, Str/Dex
                  | -2) [Xom's mischief]
 26904 | Snake:4  | Gained mutation: You are highly strong-willed. (Will++)
                  | [Xom's mischief]
 27063 | Shoals:1 | Entered Level 1 of the Shoals
 27063 | Shoals:1 | Noticed Donald
 27069 | Shoals:1 | Reached skill level 16 in Long Blades
 27078 | Shoals:1 | XOM: silly message
 27082 | Lair:3   | XOM: noise
 27094 | Lair:3   | Killed Donald
 27237 | Shoals:1 | XOM: summons 4 hostile demons
 27250 | Shoals:1 | XOM: summons 8 friendly demons
 27436 | Shoals:1 | Noticed Jorgrun
 27441 | Shoals:1 | XOM: swap monsters
 27442 | Shoals:1 | Jorgrun changed into Jorgrun the fenstrider witch
 27442 | Shoals:1 | Noticed Jorgrun
 27442 | Shoals:1 | XOM: polymorph Jorgrun -> Jorgrun the fenstrider witch
 27449 | Shoals:1 | Killed Jorgrun the fenstrider witch
 28221 | Vaults:1 | Entered Level 1 of the Vaults
 28230 | D:14     | XOM: repel stairs
 28493 | Vaults:1 | XOM: scenery: 1 doors open
 28733 | Vaults:1 | Reached skill level 15 in Dodging
 28787 | Vaults:1 | Found Ubakk's Weapon Emporium.
 28939 | Vaults:1 | XOM: summons 4 hostile demons
 29181 | Vaults:1 | XOM: summons friendly shadow imp
 29211 | Vaults:1 | XOM: polymorph dire elephant -> formless jellyfish
 29425 | Vaults:1 | XOM: god gift: 5 large rocks
 29524 | Vaults:1 | XOM: god gift: 3 scrolls of torment
 29818 | Vaults:2 | XOM: polymorph centaur warrior -> two-headed ogre
 29820 | Vaults:2 | Reached XP level 21. HP: 152/152 MP: 0/0
 29820 | Vaults:2 | Learned a level 8 spell: Discord
 29873 | Vaults:2 | XOM: cleaving
 29875 | Vaults:2 | XOM: scenery: 2 doors open, 1 doors close
 29877 | Vaults:2 | XOM: silly message
 30163 | Vaults:2 | XOM: 2-stop teleportation journey
 30191 | Vaults:2 | XOM: chaos upgrade
 30207 | Vaults:2 | XOM: confusion
 30212 | Vaults:2 | XOM: give mutations
 30212 | Vaults:2 | Lost mutation: Your mind is acute. (Int +4, Str/Dex -1)
                  | [Xom's mischief]
 30212 | Vaults:2 | Lost mutation: You heal very quickly. [Xom's mischief]
 30326 | Vaults:2 | Found Giad's Armour Boutique.
 30461 | Vaults:2 | Found a staircase to the Crypt.
 30603 | Vaults:2 | XOM: blink monster(s)
 30613 | Vaults:2 | XOM: cast spell 'Call Canine Familiar'
 30726 | Vaults:2 | XOM: 3-stop teleportation journey
 30891 | Vaults:2 | Identified the +6 broad axe of Ured {venom, *Noise Str+2
                  | Dex+4 SInv}
 30986 | Desolati | Identified the "Rinumient"
 30986 | Desolati | Identified the "Wiplausa"
 30986 | Desolati | Identified the "Zumpeppo"
 30986 | Desolati | Identified the of Ysmuun
 30986 | Desolati | Identified the of Metoira
 31009 | Vaults:3 | XOM: confusion (+ monsters)
 31239 | Vaults:3 | Found Cegeda Muane's Book Emporium.
 31268 | Vaults:3 | XOM: stat loss: -1 Int (12/14)
 31312 | Vaults:3 | Found a crumbling gateway.
 31321 | Desolati | Entered the Desolation of Salt
 31337 | Desolati | XOM: enchant monster (bad)
 31340 | Desolati | XOM: confuse monster(s)
 31366 | Desolati | Reached skill level 10 in Shields
 31422 | Desolati | XOM: enchant monster (bad)
 31428 | Desolati | XOM: confuse monster(s)
 31540 | Desolati | Identified the ring "Fopnaom" {rElec rF+ Str-3 SInv}
 31568 | Desolati | Identified the ring "Saig" {rCorr Str+3 Dex-5 Slay+2 SInv}
 31591 | Desolati | XOM: enchant monster (bad)
 31596 | Desolati | XOM: noise
 31601 | Desolati | XOM: confusion
 31712 | Desolati | Identified the +6 mace "Royplof" {antimagic, Str-4 Dex+5}
 31713 | Desolati | Identified the amulet of Faext {rF+ Regen+ Int+4}
 31732 | Desolati | Identified the +3 mace of Demand {flame, rPois rF- rCorr
                  | Dex+3}
 31794 | Desolati | XOM: draining
 31799 | Desolati | XOM: confusion (+ monsters)
 31892 | Desolati | XOM: silly message
 31928 | Desolati | XOM: chaos cloud
 31930 | Desolati | Paralysed by you for 2 turns
 31974 | Desolati | Found the +8 demon blade "Leech" {evervamp, Harm Drain rN+}
 32176 | Vaults:3 | Reached skill level 15 in Fighting
 32237 | Vaults:3 | Reached XP level 22. HP: 157/158 MP: 0/0
 32248 | Vaults:3 | XOM: enchant monster (good)
 32362 | Vaults:3 | You are sucked into a shaft and drop 1 floor!
 32383 | Vaults:3 | Found Puibefos's General Store.
 32466 | Vaults:3 | XOM: give mutations
 32466 | Vaults:3 | Gained mutation: You are frail. (-10% HP) [Xom's mischief]
 32466 | Vaults:3 | Lost mutation: You are partially covered in iridescent
                  | scales. (AC +2) [Xom's mischief]
 32466 | Vaults:3 | Lost mutation: You are highly strong-willed. (Will++)
                  | [Xom's mischief]
 32595 | Vaults:3 | Identified the +8 bardiche "Ygialae" {protect, Will++ rCorr
                  | Str+3 Dex-4}
 32625 | Vaults:3 | Reached skill level 17 in Long Blades
 32728 | Vaults:3 | HP: 4/144 [vault warden/+0 great sword of draining[a
                  | boggart] (35)]
 32729 | Vaults:3 | Killed from afar by an ironbound thunderhulk

Illustrated notes

Levels and vault maps discovered:
D:1:      dpeg_arrival_fog, layout_basic
D:2:      layout_basic, basic_altar, ebering_ecumenical_altar_hall,
          minivault_11, uniq_jessica
D:3:      layout_basic, mainiacjoe_overflow_tiny_flanked, serial_shops, shop
D:4:      layout_gridville, mainiacjoe_overflow_surrounded_room
D:5:      layout_basic, mainiacjoe_overflow_alcove_2,
          minmay_temple_entry_enclosed_plants
D:6:      layout_cave_pools, nicolae_dithmenos_the_darkroom,
          mainiacjoe_overflow_alcove_4, nicolae_hexahallways,
          serial_bayou_crossing
D:7:      layout_loops_ring, grunt_nemelex_the_gamble,
          nicolae_vehumet_altar_sigil, enter_bailey_4, minmay_misc_feat_roman,
          nicolae_ea-nasir_strikes_again, nrook_uturn, serial_bayou_pond_a
D:8:      layout_layer_cave, nicolae_uskayaw_dance_hall,
          nicolae_ru_path_of_blood, serial_ice, serial_ice_n, serial_ice_l,
          serial_ice_c, serial_ice_a, uniq_jeremiah, uniq_pikel
D:9:      layout_cave_pools, okawaru_gym_becter, elyvilon_altar_5,
          general_overflow_altar, lair_entry_dummy
D:10:     layout_loops_corners, nicolae_trove_entry_path_of_doom
D:11:     layout_long_grid, david_orc_2
D:12:     layout_loops_ring, minmay_misc_feat_secret_circle,
          nrook_pool_corridor, evilmike_ruin_ashenzari, uniq_fannar
D:13:     layout_rooms, nemelex_altar_shiori
D:14:     minmay_s_stair_smasher, layout_gridville, david_vaults_4,
          glass_columns_a
D:15:     hangedman_slaughterboxes
Lair:1:   layout_long_grid, pdpol_lair_cabin_in_the_woods, serial_bayou_shore_a,
          infiniplex_staircase_pool
Lair:2:   layout_layer_cave, beast_lair_carwin_4, grunt_megastairs_4,
          lemuel_fruit_tree
Lair:3:   layout_hall_layers, elwin_shoals_entry_rocks,
          minmay_snake_entry_six_corridors, grunt_megastairs_3
Lair:4:   layout_regular_city, nicolae_lair_grazing_beasts
          [nicolae_sub_lair_graze_edge, nicolae_sub_lair_graze_edge,
          nicolae_sub_lair_graze_edge, nicolae_sub_lair_graze_edge],
          grunt_megastairs_2
Lair:5:   gammafunk_lair_ancient_temple, layout_regular_city, slime_entry_1,
          uniq_kirke
Shoals:1: nicolae_shoals_island_circles, layout_shoals, uniq_jorgrun,
          uniq_donald
Snake:1:  layout_concentric_octagons, portal_ice_cave_entry_ice_statue_two,
          serial_shops, shop
Snake:2:  layout_onion_interference, basic_altar, serial_shops, shop
Snake:3:  layout_basic, grunt_ministairs_10, nicolae_snake_flat_spine,
          grunt_megastairs_1, serial_bayou_shore_b
Snake:4:  hellmonk_snake_rune_quicksilver_temple, layout_basic,
          serial_bayou_pond_a, nicolae_snake_shapes, minmay_shop_grove
Orc:1:    layout_caves, ebering_ghost_gozag
Orc:2:    st_orc_pillars, layout_diamond_mine
Vaults:1: ontoclasm_vaults_ring_large, nicolae_vaults_six-pack,
          nicolae_vaults_network_square, vaults_dpeg_ring,
          nicolae_vaults_closet_pinwheel_4, v_misc_14, ontoclasm_vaults_fault,
          nicolae_vaults_doubleplus_tesselated, vaults_mumra_lcd,
          layout_vaults_quadrants, serial_shops, nicolae_shop_advertising_works
          [nicolae_subvault_shop_adworks]
Vaults:2: nicolae_vaults_storage_room_water, ontoclasm_vaults_gateway,
          ontoclasm_vaults_claustrophobia, vaults_mumra_minichess,
          nicolae_vaults_shelves_hall, nicolae_vaults_storage_room_statues,
          blue_anna_dwarven_crypt, nicolae_vaults_stepped_doors,
          grunt_vaults_hallway_short, grunt_vaults_funnel, vaults_room_pools,
          vaults_standard_mumra_lines, nicolae_vaults_taking_the_gang_shopping,
          layout_vaults_omnicross
Vaults:3: portal_desolation_entry_garden, nicolae_vaults_ring_of_whatevers,
          hangedman_vaults_capsules, v_misc_22, nicolae_vaults_cochlea,
          nicolae_vaults_little_squares_2, nicolae_vaults_ninety_degrees,
          v_misc_25, nicolae_vaults_big_ls, ontoclasm_vaults_shuriken,
          nicolae_vaults_shelves_hall, nicolae_vaults_corridor_and_loot_room,
          nicolae_vaults_tetromino_T_1, v_rooms_6, ontoclasm_vaults_ligature,
          nicolae_vaults_little_squares_6, layout_vaults_omnibox, serial_shops,
          nicolae_shop_tiny_glass, shop, shop
Vaults:4: ontoclasm_vaults_hangar, nicolae_vaults_diagonal_hallway_7,
          nicolae_vaults_shelves_hall, nicolae_vaults_surprise_closet,
          nicolae_vaults_diagonal_hallway_8, nicolae_vaults_little_squares_3,
          nicolae_vaults_alarming, hangedman_vaults_maws,
          nicolae_vaults_sightless_eye, nicolae_vaults_closet_pinwheel_5,
          ontoclasm_vaults_decontamination, nicolae_vaults_trapezoid_layered,
          hangedman_vaults_river_flow, vaults_room_door_ring, layout_vaults_maze

Skill      XL: |  1  2  3  4  5  6  7  8  9 10 11 12 13 14 15 16 17 18 19 20 21 22 |
---------------+-------------------------------------------------------------------+-----
Long Blades    | 3 4 5 7 8 9 10 11 13 14 15 16 17 | 17.0
Spellcasting   | 1 2 3 4 5 6 7 8 9 10 11 12 13 14 | 14.4
Conjurations   | 1 2 3 4 5 6 7 8 9 10 11 12 13 14 | 14.4
Hexes          | 1 2 3 4 5 6 7 8 9 10 11 12 13 14 | 14.7
Summonings     | 1 2 3 4 5 6 7 8 9 10 11 12 13 14 | 14.4
Necromancy     | 1 2 3 4 5 6 7 8 9 10 11 12 13 14 | 14.4
Translocations | 1 2 3 4 5 6 7 8 9 10 11 12 13 14 | 14.4
Transmutations | 1 2 3 4 5 6 7 8 9 10 11 12 13 14 | 14.4
Fire Magic     | 1 2 3 4 5 6 7 8 9 10 11 12 13 14 | 14.4
Ice Magic      | 1 2 3 4 5 6 7 8 9 10 11 12 13 14 | 14.4
Air Magic      | 1 2 3 4 5 6 7 8 9 10 11 12 13 14 | 14.4
Earth Magic    | 1 2 3 4 5 6 7 8 9 10 11 12 13 14 | 14.4
Poison Magic   | 1 2 3 4 5 6 7 8 9 10 11 12 13 14 | 14.4
Armour         | 2 3 4 5 6 7 8 9 10 11 12 13 | 13.8
Dodging        | 3 4 6 8 9 10 11 12 13 14 15 16 | 16.1
Fighting       | 4 5 6 7 8 9 10 11 12 13 14 15 | 15.1
Shields        | 1 4 5 6 7 9 10 | 10.6

Action                     |  1- 3 |  4- 6 |  7- 9 | 10-12 | 13-15 | 16-18 | 19-21 | 22-24 || total
---------------------------+-------+-------+-------+-------+-------+-------+-------+-------++-------
  Melee: Falchion          |    42 |       |       |       |       |       |       |       ||    42
         Short sword       |     5 |   168 |   195 |   513 |       |       |       |       ||   881
         Punch             |     1 |       |     3 |    10 |       |       |       |       ||    14
         Headbutt          |       |       |       |    69 |    99 |       |       |       ||   168
         Great sword       |       |       |       |    65 |   686 |       |       |       ||   751
         Scimitar          |       |       |       |       |   169 |   866 |  1479 |       ||  2514
         Demon blade       |       |       |       |       |       |       |    33 |   104 ||   137
   Cast: Mephitic Cloud    |       |       |    10 |    13 |    26 |    19 |     8 |       ||    76
         Manifold Assault  |       |       |       |     3 |       |       |       |       ||     3
         Fireball          |       |       |       |       |     5 |    28 |    14 |       ||    47
         Freezing Cloud    |       |       |       |       |     7 |    28 |    30 |       ||    65
  Evoke: Wand              |       |       |       |       |       |       |     1 |     2 ||     3
    Use: Scroll            |       |       |     4 |    12 |     4 |    13 |     7 |     1 ||    41
         Potion            |       |       |       |       |     5 |     2 |     1 |     2 ||    10
   Stab: Paralysed         |     1 |       |       |       |     2 |       |     1 |       ||     4
         Confused          |     1 |       |    11 |    15 |    19 |    20 |    17 |       ||    83
         Sleeping          |       |     1 |     1 |     2 |     2 |     6 |     7 |       ||    19
         Invisible         |       |       |     5 |       |       |     3 |       |       ||     8
         Distracted        |       |       |       |     1 |     2 |     2 |     5 |       ||    10
         Petrifying        |       |       |       |       |     1 |     2 |     1 |       ||     4
         Petrified         |       |       |       |       |       |     1 |       |       ||     1
 Armour: Leather armour    |    27 |    78 |    73 |    89 |       |       |       |       ||   267
         Acid dragon scale |       |       |       |   141 |   548 |   499 |   556 |    45 ||  1789
  Dodge: Dodged            |    37 |    94 |   170 |   553 |  1311 |   641 |  1170 |    67 ||  4043
         Repelled          |       |       |     1 |       |       |       |       |       ||     1
  Block: Buckler           |       |       |       |       |    73 |   381 |   791 |    53 ||  1298
         Reflection        |       |       |       |       |     6 |    27 |    82 |     5 ||   120

Table legend: (Time is in decaauts)
 A = Elapsed time spent in this place.
 B = Non-inter-level travel time spent in this place.
 C = Inter-level travel time spent in this place.
 D = Time resting spent in this place.
 E = Time spent auto-exploring this place.
 F = Levels seen in this place.
 G = Mean time per level.
                   A        B        C        D        E       F      G
               +--------+--------+--------+--------+--------+-----+--------+
         Total |  31975 |  29848 |   2127 |   2958 |  19309 |  34 |  940.4 |
       Dungeon |  15663 |  14461 |   1202 |   2337 |   9558 |  15 | 1044.2 |
          Lair |   5158 |   4803 |    355 |    282 |   3359 |   5 | 1031.6 |
        Shoals |    799 |    757 |     42 |      0 |    562 |   1 |  799.0 |
     Snake Pit |   3430 |   3206 |    224 |     60 |   2040 |   4 |  857.5 |
  Orcish Mines |   1448 |   1289 |    159 |     52 |    690 |   2 |  724.0 |
        Vaults |   3479 |   3337 |    142 |     77 |   2302 |   4 |  869.8 |
        Bailey |    304 |    304 |      0 |     20 |    133 |   1 |  304.0 |
      Ice Cave |    951 |    951 |      0 |     75 |    368 |   1 |  951.0 |
    Desolation |    741 |    741 |      0 |     55 |    296 |   1 |  741.0 |
               +--------+--------+--------+--------+--------+-----+--------+

Top non-repeatable levels by time:
     D:1: 2685 daAuts
     D:8: 1585 daAuts
Vaults:1: 1419 daAuts
Vaults:2: 1273 daAuts
  Lair:2: 1266 daAuts
     D:3: 1112 daAuts
    D:15: 1099 daAuts
  Lair:5: 1090 daAuts
 Snake:4: 1048 daAuts
     D:7: 1031 daAuts
    D:10: 1006 daAuts
  Lair:3: 995 daAuts
    D:14: 989 daAuts
     D:2: 975 daAuts
 Snake:1: 974 daAuts
